 Dungeon Crawl Stone Soup version 0.29.1-15-g9cfb28693d (webtiles) character file.

Game seed: 287661647395814371

864 Ihaveafatcat the Shield-Bearer (level 7, -5/64 HPs)
             Began as a Minotaur Fighter on Apr 5, 2023.
             Slain by an orc warrior
             ... wielding a +0 dire flail
              (18 damage)
             ... on level 6 of the Dungeon.
             The game lasted 00:06:30 (4103 turns).

Ihaveafatcat the Shield-Bearer (Minotaur Fighter)   Turns: 4103, Time: 00:06:31

Health: -5/64      AC:  7    Str: 23    XL:     7   Next: 72%
Magic:  6/6        EV:  9    Int:  5    God:
Gold:   326        SH:  5    Dex:  9    Spells: 6/6 levels left

rFire   . . .      SeeInvis .   a - +0 war axe
rCold   . . .      Faith    .   c - +0 buckler
rNeg    . . .      Spirit   .   b - +0 scale mail
rPois   .          Reflect  .   (helmet restricted)
rElec   .          Harm     .   (no cloak)
rCorr   .          Rampage  .   (no gloves)
Will    .....                   (no boots)
Stlth   ..........              j - amulet of regeneration
HPRegen 1.00/turn               (no ring)
MPRegen 0.10/turn               (no ring)

@: no status effects
A: horns 2, retaliatory headbutt
a: no special abilities


You were on level 6 of the Dungeon.
You visited 1 branch of the dungeon, and saw 6 of its levels.

You collected 326 gold pieces.

Inventory:

Hand Weapons
 a - a +0 war axe (weapon)
Armour
 b - a +0 scale mail (worn)
 c - a +0 buckler (worn)
 h - a +0 ring mail
 y - a +0 helmet
Jewellery
 j - an amulet of regeneration (around neck)
 u - a ring of resist corrosion
Wands
 A - a wand of flame (8)
Scrolls
 e - a scroll of blinking {unknown}
 f - a scroll of noise {unknown}
 g - a scroll of summoning {unknown}
 k - 2 scrolls of vulnerability
 l - a scroll of silence {unknown}
 n - a scroll of magic mapping {unknown}
 p - a scroll of enchant weapon {unknown}
 v - a scroll of teleportation {unknown}
 x - a scroll of fog {unknown}
 z - a scroll of identify
Potions
 d - 2 potions of might
 i - a potion of lignification {unknown}
 m - a potion of haste
 o - a potion of curing {unknown}
 q - a potion of berserk rage
 r - 3 potions of cancellation
 s - a potion of brilliance {unknown}
 t - a potion of degeneration {unknown}
 w - 3 potions of heal wounds {unknown}


   Skills:
 + Level 6.4 Fighting
 + Level 5.7 Axes
 + Level 6.3 Armour
 + Level 6.4 Shields


You had 6 spell levels left.
You didn't know any spells.
Your spell library contained the following spells:

 Spells                   Type           Power      Damage    Failure   Level
 Sting                    Tmut/Pois      0%         1d3       85%         1


Dungeon Overview and Level Annotations

Branches:
Dungeon (6/15)             Temple (0/1) D:5

Altars:
Hepliaklqana

Annotations:
D:3 3 runed translucent doors, Wiggles's ghost, amateur MiBe


Innate Abilities, Weirdness & Mutations

You have a pair of horns on your head.
You reflexively headbutt those who attack you in melee.


Message History

You closely miss something. Something hits you but does no damage.
The orc priest hits you but does no damage.
The orc warrior shoots a bolt.
Reactivating autopickup.
You feel a bit more experienced.
You closely miss the orc priest.
The orc priest is heavily wounded.
The orc priest barely misses you. You furiously retaliate!
You headbutt the orc priest. The orc priest barely misses you.
You furiously retaliate!
You headbutt the orc priest. You slash the orc priest!
You kill the orc priest!
You hit the orc warrior but do no damage.
The orc warrior unwields a +0 arbalest.
The orc warrior wields a +0 dire flail.
The orc warrior hits you but does no damage.
The orc warrior misses you. You furiously retaliate!
You headbutt the orc warrior!
You see here a +2 morningstar of holy wrath.
The orc hits you but does no damage.
The orc warrior hits you with a +0 dire flail!
You slash the orc!
You kill the orc!
You closely miss the orc warrior.
The orc warrior hits you with a +0 dire flail!
The orc warrior hits you with a +0 dire flail!
Things that are here:
a +0 club; a +0 leather armour You block the orc warrior's attack.
The orc warrior barely misses you.
You hit the orc warrior. Your headbutt misses the orc warrior.
The orc warrior is heavily wounded.
You block the orc warrior's attack.
You closely miss the orc warrior.
The orc warrior is heavily wounded.
The orc warrior hits you with a +0 dire flail!
* * * LOW HITPOINT WARNING * * *
You hit the orc warrior but do no damage.
The orc warrior is heavily wounded.
The orc warrior hits you with a +0 dire flail!!
You die...

### #.. #
###.#### .#
##......##.###
#....)........
#..#@o)....###
#. #.#...#.#
#..#..$....#
#.......####
#.###.#.#
#.....†.#
#####.###
#######
####.##
#.....#
#.....#
#.....#


You could see an orc warrior.

Vanquished Creatures
  A water moccasin (D:6)
  A centaur (D:5)
  3 necrophages
  A scorpion (D:5)
  4 hounds
  3 orc priests
  2 iguanas
  Robin (D:2)
  3 gnolls (D:4)
  5 adders
  2 worms (D:3)
  A dart slug (D:2)
  5 orcs
  4 endoplasms
  4 giant cockroaches
  12 goblins
  6 hobgoblins
  2 jackals (D:4)
  5 kobolds
  2 quokkas
  6 ball pythons
  3 bats
  3 frilled lizards (D:1)
  5 rats
84 creatures vanquished.

Vanquished Creatures (others)
  An orc wizard (D:6)
  2 plants (D:6)
3 creatures vanquished.

Grand Total: 87 creatures vanquished

Notes
Turn   | Place    | Note
-------+----------+-------------------------------------------
     0 | D:1      | Ihaveafatcat the Minotaur Fighter began the quest for the
                  | Orb.
     0 | D:1      | Reached XP level 1. HP: 19/19 MP: 0/0
   401 | D:1      | Reached XP level 2. HP: 27/27 MP: 1/1
   401 | D:1      | Found a hazy altar of Hepliaklqana.
  1047 | D:2      | Found a faded altar of an unknown god.
  1061 | D:2      | Got Plato's Excursus on Permutations
  1117 | D:2      | Noticed Robin
  1123 | D:2      | Killed Robin
  1124 | D:2      | Reached XP level 3. HP: 16/33 MP: 2/2
  1638 | D:2      | Reached XP level 4. HP: 41/41 MP: 3/3
  1949 | D:3      | Reached XP level 5. HP: 15/47 MP: 4/4
  2282 | D:3      | Noticed Wiggles's ghost (amateur MiBe)
  2650 | D:3      | Found a runed translucent gate.
  2650 | D:3      | Found a runed translucent gate.
  2650 | D:3      | Found a runed translucent gate.
  2925 | D:4      | Reached skill level 5 in Fighting
  2925 | D:4      | Reached skill level 5 in Armour
  2925 | D:4      | Reached skill level 5 in Shields
  2988 | D:4      | Reached XP level 6. HP: 56/56 MP: 5/5
  3417 | D:5      | Entered Level 5 of the Dungeon
  3530 | D:5      | Reached skill level 5 in Axes
  3530 | D:5      | Reached XP level 7. HP: 44/62 MP: 6/6
  3572 | D:5      | Found a staircase to the Ecumenical Temple.
  3999 | D:6      | Found a hazy altar of Hepliaklqana.
  4103 | D:6      | Slain by an orc warrior

Illustrated notes

Levels and vault maps discovered:
D:1:      evilmike_arrival_hilbert_curve, layout_basic, minivault_25,
          minmay_hexomino_r4
D:2:      wad_pebble_path, layout_loops_ring,
          shapermc_ecumenical_altar_rom_forum, uniq_robin
D:3:      layout_loops_ring, gammafunk_ghost_icy
D:4:      layout_loops_ring
D:5:      layout_basic, minmay_temple_entry_statues_pillars,
          roderic_roman_lattice
D:6:      layout_loops_cross, kennysheep_mini, nicolae_hepliaklqana_hazy_memory

Skill      XL: |  1  2  3  4  5  6  7 |
---------------+----------------------+-----
Shields        | 4 5 6 |  6.4
Fighting       | 4 5 6 |  6.4
Armour         | 4 5 6 |  6.3
Axes           | 3 4 5 |  5.7

Action                   |  1- 3 |  4- 6 |  7- 9 || total
-------------------------+-------+-------+-------++-------
Melee: War axe           |    95 |   110 |    37 ||   242
       Headbutt          |     6 |    14 |     5 ||    25
  Use: Scroll            |       |     4 |       ||     4
Armor: Scale mail        |    47 |    33 |    14 ||    94
Dodge: Dodged            |    37 |    41 |    25 ||   103
Block: Buckler           |    20 |    16 |    11 ||    47
